 Dungeon Crawl Stone Soup version 0.32-a0-391-gce5c0aab1b (webtiles) character file.

Game seed: 14386640774085652839

19414 hgbash the Grappler (level 12, 0/109 HPs)
             Began as a Troll Fighter on Feb 17, 2024.
             Was a Priest of Hepliaklqana.
             Collided with a tree (3 damage)
             ... after being knocked back by a wind drake (shapeshifter)
             ... on level 11 of the Dungeon on Feb 19, 2024.
             The game lasted 01:02:33 (9239 turns).

hgbash the Grappler (Troll Fighter)                 Turns: 9239, Time: 01:02:34

Health: 0/109      AC: 10    Str: 27    XL:     12   Next: 36%
Magic:  11/11      EV:  9    Int: 14    God:    Hepliaklqana [***...]
Gold:   557        SH: 15    Dex:  9    Spells: 11/11 levels left

rFire   + .          .
                       - Unarmed
rCold   + . .        b - +0 kite shield
rNeg    . . .        v - +2 robe {rC+ rF+}
rPois   .            (helmet restricted)
rElec   .            (no cloak)
rCorr   .            (gloves unavailable)
SInv    .            (boots unavailable)
Will    .....        r - amulet of reflection
Stlth   +            z - +4 ring of protection
HPRegen 1.18/turn    t - +6 ring of intelligence
MPRegen 0.12/turn

%: reflection
@: no status effects
A: reduced essence, large, unfitting armour, claws 3, regeneration 1, shaggy fur
1, tough skin 1
a: Renounce Religion, Recall Ancestor, Ancestor Identity, Transference


You were on level 11 of the Dungeon.
You worshipped Hepliaklqana.
Hepliaklqana was most pleased with you.
You visited 3 branches of the dungeon, and saw 13 of its levels.

You collected 1517 gold pieces.
You spent 960 gold pieces at shops.

Inventory:

Hand Weapons
 s - a +0 war axe of flaming
 G - the +3 flail "Nuonkur" {holy, Int+3 Dex+3 SInv}
   (You found it on level 1 of the Lair of Beasts)

   Int+3:     It affects your intelligence (+3).
   Dex+3:     It affects your dexterity (+3).
   SInv:      It lets you see invisible.
 K - a +6 shortbow
Missiles
 l - 21 poisoned darts (quivered)
Armour
 b - a +0 kite shield (worn)
 f - +0 steam dragon scales
 v - a +2 robe of resistance (worn)
 w - an orb of mayhem
Magical Staves
 n - a staff of earth
Jewellery
 a - a ring of wizardry
 r - an amulet of reflection (around neck)
 t - a +6 ring of intelligence (right claw)
 z - a +4 ring of protection (left claw)
 C - a ring of flight
Talismans
 B - a blade talisman
 H - a maw talisman
Wands
 e - a wand of flame (23)
 o - a wand of roots (32)
 y - a wand of polymorph (6)
 I - a wand of digging (5)
Scrolls
 d - 2 scrolls of teleportation
 i - a scroll of fear
 k - 3 scrolls of blinking
 p - 3 scrolls of revelation
 E - a scroll of enchant armour {unknown}
 J - a scroll of immolation
 L - a scroll of enchant weapon {unknown}
 M - 3 scrolls of brand weapon
Potions
 c - 3 potions of might
 g - a potion of curing
 h - a potion of brilliance
 j - a potion of attraction
 m - a potion of ambrosia
 u - a potion of haste
 x - a potion of resistance
 D - a potion of magic
 F - a potion of mutation
 N - a potion of lignification {unknown}


   Skills:
 + Level 8.8 Fighting
 - Level 2.4 Dodging
 + Level 9.6 Shields
 * Level 14.1 Unarmed Combat
 * Level 5.2 Shapeshifting


You had 11 spell levels left.
You didn't know any spells.
Your spell library contained the following spells:

 Spells                   Type           Power      Damage    Failure   Level
 Apportation              Tloc           0%         N/A       43%         1
 Necrotise                Necr           0%         1d4       43%         1
 Sting                    Conj/Alch      0%         1d3       43%         1
 Summon Small Mammal      Summ           0%         N/A       43%         1
 Blink                    Tloc           0%         N/A       58%         2
 Jinxbite                 Hex            0%         N/A       58%         2
 Lesser Beckoning         Tloc           0%         N/A       58%         2
 Momentum Strike          Conj/Tloc      0%         3d8       58%         2
 Tukima's Dance           Hex            0%         N/A       82%         3
 Passage of Golubria      Tloc           0%         N/A       99%         4
 Yara's Violent Unravell  Hex/Alch       0%         3d3       100%        5
 Enfeeble                 Hex            0%         N/A       100%        7


Dungeon Overview and Level Annotations

Branches:
Dungeon (11/15)            Temple (1/1) D:6            Lair (1/5) D:8
    Orc: D:9-12

Altars:
Ashenzari
Cheibriados
Dithmenos
Elyvilon
Fedhas
Gozag
Hepliaklqana
Kikubaaqudgha
Makhleb
Nemelex Xobeh
Okawaru
Qazlal
Ru
Sif Muna
Trog
Uskayaw
Vehumet
Wu Jian
Xom
Yredelemnul
Zin
The Shining One
Beogh

Shops:
D:4 =   D:5 (=[   D:10 =

Annotations:
D:5 3 runed translucent doors, ytrimaz's ghost, novice DsNe


Innate Abilities, Weirdness & Mutations

Your life essence is reduced to manifest your ancestor. (-10% HP)
You are too large for most types of armour.
You have claws for hands.
Your natural rate of healing is unusually fast.
You are covered in fur. (AC +1)
You have tough skin. (AC +1)


Message History

Yduopp casts a spell at the cyan ugly thing.
The cyan ugly thing easily resists.
The cyan ugly thing gores you but does no damage.
The wind drake bites you but does no damage.
You claw the wind drake!
The wind drake is almost dead.
You block the wyvern zombie's attack. The green ugly thing barely misses you.
Yduopp hits the cyan ugly thing but does no damage.
The wind drake flaps its wings at you. The air twists around and strikes you!
* * * LOW HITPOINT WARNING * * *
You mangle the cyan ugly thing!!
You kill the cyan ugly thing!
You block the wyvern zombie's attack.
Yduopp barely misses the green ugly thing.
The green ugly thing tail-slaps you!
* * * LOW HITPOINT WARNING * * *
Yduopp hits the green ugly thing with a +0 dagger of draining.
Yduopp drains the green ugly thing.
The wind drake flaps its wings at you. The air twists around and strikes you.
* * * LOW HITPOINT WARNING * * *
The wyvern zombie bites you.
* * * LOW HITPOINT WARNING * * *
You claw the green ugly thing!
The green ugly thing is moderately wounded.
Yduopp hits the green ugly thing with a +0 dagger of draining.
Yduopp drains the green ugly thing.
You block the green ugly thing's attack.
Yduopp hits the green ugly thing with a +0 dagger of draining.
Yduopp drains the green ugly thing.
The wind drake exhales a fierce blast of wind!
The green ugly thing is knocked back by the gust of wind.
The green ugly thing violently stops moving!
The green ugly thing is severely wounded.
Yduopp is knocked back by the gust of wind.
You are knocked back by the gust of wind.
You slam into the tree!
You die...
Hepliaklqana delivers you to your ancestors.

♣.≈♣≈......#.#
♣♣..♣≈..♣≈♣.#.#
♣....)...≈♣.#.######
♣.......♣≈♣)†.))....
#..#.....)..)#####
♣# #...≈♣.###.....#.
#♣.#♣≈..≈♣##
#.##.... #§§§≈♣≈.≈♣
#.# ..#. #♣.Z@≈R..♣
#.. ... ♣)k...u≈♣
#.. ... #♣.P ♣≈♣
♣≈.O...≈♣ #... ...
#P.. ≈g♣ ♣♣≈).♣..♣
#.$. .. #P.h #..♣
♣≈.....≈♣ ≈..
#...♣#♣......≈♣ ♣O.
..g..♣...#[.♣§♣
♣≈.♣..?≈........♣≈♣
♣≈...>.≈#..♣♣♣♣♣♣ ≈


You could see the friendly Yduopp the hexer, a green ugly thing (distracted,
drained, ally target), a wind drake (repels missiles, catching breath), a
two-headed ogre and a wyvern zombie.

Vanquished Creatures
  3 two-headed ogres (D:11)
  The ghost of DaftaChap the Basher, a novice MDRe of the Shining One (D:9)
  An ugly thing (D:11)
  5 centaur zombies (D:10)
  A cane toad (Lair:1)
  A gargoyle (D:10)
  4 komodo dragons
  2 rime drakes (Lair:1)
  2 kobold demonologists (D:10)
  An unseen horror skeleton (D:10)
  Grinder (D:3)
  2 blink frogs (Lair:1)
  Prince Ribbit (D:5)
  A meliai zombie (D:10)
  A vampire (D:9)
  14 yaks
  A basilisk (shapeshifter) (D:11)
  4 wyverns
  A wraith (D:10)
  2 steam dragons
  A redback (D:9)
  A vampire mosquito (D:11)
  An acid dragon (D:9)
  2 water moccasins
  Duvessa (D:6)
  2 black bears
  9 orc warriors
  A swamp drake (D:8)
  A sky beast (D:7)
  3 centaurs
  A kobold brigand (D:10)
  5 bullfrogs
  2 scorpions
  18 wights
  A burial acolyte (D:10)
  Dowan (D:6)
  3 killer bees (D:9)
  8 howler monkeys
  4 jellies
  A human zombie (D:10)
  4 hounds
  2 bombardier beetles (D:5)
  3 orc priests
  3 gnoll boudas
  3 iguanas
  Terence (D:2)
  3 orc wizards
  5 hell rats (Lair:1)
  8 gnolls
  A howler monkey skeleton (D:10)
  8 adders
  A white imp (D:6)
  6 ufetubi
  A ribbon worm (D:2)
  2 dart slugs
  26 orcs
  4 bats
  8 endoplasms
  3 giant cockroaches
  5 goblins
  7 hobgoblins
  4 jackals (D:2)
  6 kobolds
  5 ball pythons
  2 frilled lizards
  4 rats
240 creatures vanquished.

Vanquished Creatures (collateral kills)
  A centaur zombie (D:10)
  A kobold demonologist (D:10)
  A rime drake (Lair:1)
  3 blink frogs (Lair:1)
  A wyvern (Lair:1)
  6 yaks
  A water moccasin (Lair:1)
  5 wights
  A howler monkey (D:8)
  A gnoll bouda (D:10)
  An orc wizard (D:9)
  5 gnolls
  2 orcs (D:9)
29 creatures vanquished.

Vanquished Creatures (others)
  2 ancestors
  2 hexers
4 creatures vanquished.

Grand Total: 273 creatures vanquished

Notes
Turn   | Place    | Note
-------+----------+-------------------------------------------
     0 | D:1      | hgbash the Troll Fighter began the quest for the Orb.
     0 | D:1      | Reached XP level 1. HP: 22/22 MP: 0/0
    29 | D:1      | Reached XP level 2. HP: 24/29 MP: 1/1
   818 | D:2      | Noticed Terence
   822 | D:2      | Reached XP level 3. HP: 34/36 MP: 2/2
   836 | D:2      | Reached skill level 3 in Unarmed Combat
   843 | D:2      | Killed Terence
   966 | D:2      | Reached XP level 4. HP: 44/44 MP: 3/3
  1277 | D:3      | Found a stormy altar of Qazlal.
  1577 | D:3      | Found a shimmering blue altar of Sif Muna.
  1584 | D:3      | Found a hide-covered altar of Uskayaw.
  1587 | D:3      | Found an opulent altar of Gozag.
  1589 | D:3      | Found a broken altar of Ashenzari.
  1590 | D:3      | Noticed Grinder
  1591 | D:3      | Paralysed by Grinder for 3 turns
  1601 | D:3      | Found a basalt altar of Yredelemnul.
  1603 | D:3      | Paralysed by Grinder for 3 turns
  1606 | D:3      | Killed Grinder
  1607 | D:3      | Reached skill level 4 in Unarmed Combat
  1607 | D:3      | Reached XP level 5. HP: 25/53 MP: 4/4
  1607 | D:3      | Reached XP level 6. HP: 29/61 MP: 5/5
  1712 | D:3      | Found a burning altar of Makhleb.
  1872 | D:3      | Found an ornate altar of the Wu Jian Council.
  1884 | D:3      | Reached skill level 5 in Unarmed Combat
  2172 | D:4      | Identified a scroll of acquirement
  2172 | D:4      | Acquired 876 gold pieces
  2521 | D:4      | Reached XP level 7. HP: 63/68 MP: 6/6
  2551 | D:4      | Found a glowing golden altar of the Shining One.
  2674 | D:4      | Found Imeige's Jewellery Boutique.
  2694 | D:4      | Bought a ring of wizardry for 300 gold pieces
  2694 | D:4      | Bought an amulet of reflection for 300 gold pieces
  2694 | D:4      | Bought a +6 ring of intelligence for 360 gold pieces
  2985 | D:5      | Entered Level 5 of the Dungeon
  2988 | D:5      | Found Kooceoka's Jewellery Shoppe.
  3031 | D:5      | Reached skill level 6 in Unarmed Combat
  3075 | D:5      | Found Viys's Antique Weapon Emporium.
  3077 | D:5      | Found Atetaka's Armour Shoppe.
  3177 | D:5      | Noticed Prince Ribbit
  3187 | D:5      | Killed Prince Ribbit
  3188 | D:5      | Reached skill level 5 in Shields
  3188 | D:5      | Reached XP level 8. HP: 71/79 MP: 7/7
  3197 | D:5      | Noticed ytrimaz's ghost (novice DsNe)
  3232 | D:5      | Reached skill level 7 in Unarmed Combat
  3236 | D:5      | Found a runed translucent gate.
  3236 | D:5      | Found a runed translucent gate.
  3236 | D:5      | Found a runed translucent gate.
  3872 | D:6      | Noticed Dowan
  3872 | D:6      | Noticed Duvessa
  3888 | D:6      | Killed Duvessa
  3890 | D:6      | Killed Dowan
  3896 | D:6      | Reached skill level 5 in Fighting
  4032 | D:6      | Found a staircase to the Ecumenical Temple.
  4038 | Temple   | Entered the Ecumenical Temple
  4049 | Temple   | Became a worshipper of Hepliaklqana the Forgotten
  4188 | D:6      | Reached skill level 8 in Unarmed Combat
  4612 | D:6      | Reached XP level 9. HP: 50/82 MP: 8/8
  4775 | D:7      | Reached skill level 9 in Unarmed Combat
  4893 | D:7      | Reached * piety under Hepliaklqana
  5199 | D:8      | Identified the +1 robe of Bad Feelings {Harm rPois rC+
                  | Str+5}
  5301 | D:8      | Found a transporter.
  5303 | D:8      | Found a white marble altar of Elyvilon.
  5303 | D:8      | Found a transporter.
  5600 | D:8      | Noticed a komodo dragon
  5606 | D:8      | Killed a komodo dragon
  5607 | D:8      | Reached skill level 10 in Unarmed Combat
  5648 | D:8      | Noticed a komodo dragon
  5653 | D:8      | Found a staircase to the Lair.
  5660 | D:8      | Killed a komodo dragon
  5661 | D:8      | Reached XP level 10. HP: 58/90 MP: 9/9
  5959 | D:8      | Found a roughly hewn altar of Beogh.
  6178 | D:8      | Upgraded the game from 0.32-a0-329-ge6c31236d6 to
                  | 0.32-a0-361-g289a535e89
  6320 | Lair:1   | Entered Level 1 of the Lair of Beasts
  6346 | Lair:1   | Reached skill level 11 in Unarmed Combat
  6479 | Lair:1   | HP: 2/87 [komodo dragon (20)]
  6490 | Lair:1   | Reached ** piety under Hepliaklqana
  6688 | Lair:1   | Noticed a cane toad
  6694 | Lair:1   | Killed a cane toad
  6716 | Lair:1   | Remembered your ancestor Yduopp as a hexer
  6795 | Lair:1   | Reached skill level 12 in Unarmed Combat
  6920 | Lair:1   | Reached XP level 11. HP: 98/98 MP: 10/10
  7173 | Lair:1   | Identified the +3 flail "Nuonkur" {holy, Int+3 Dex+3 SInv}
  7535 | D:9      | Found a shadowy altar of Dithmenos.
  7860 | D:9      | Found a runed translucent door.
  7863 | D:9      | Noticed DaftaChap's ghost (novice MDRe)
  7946 | D:9      | Found a sparkling altar of Nemelex Xobeh.
  7947 | D:9      | Found a shimmering altar of Xom.
  8211 | D:9      | Killed DaftaChap's ghost
  8212 | D:9      | Reached skill level 13 in Unarmed Combat
  8278 | D:10     | Entered Level 10 of the Dungeon
  8317 | D:10     | Reached skill level 1 in Shapeshifting
  8515 | D:10     | Found a blossoming altar of Fedhas.
  8830 | D:10     | Found Uroimubeics's Jewellery Boutique.
  8838 | D:10     | Upgraded the game from 0.32-a0-361-g289a535e89 to
                  | 0.32-a0-391-gce5c0aab1b
  8998 | D:10     | Reached XP level 12. HP: 109/109 MP: 11/11
  9025 | D:10     | Found an ancient bone altar of Kikubaaqudgha.
  9109 | D:11     | Noticed a two-headed ogre
  9173 | D:11     | Noticed a two-headed ogre
  9186 | D:11     | Killed a two-headed ogre
  9200 | D:11     | Reached *** piety under Hepliaklqana
  9220 | D:11     | Noticed a two-headed ogre
  9226 | D:11     | Killed a two-headed ogre
  9227 | D:11     | Reached skill level 14 in Unarmed Combat
  9228 | D:11     | Killed a two-headed ogre
  9229 | D:11     | Reached skill level 5 in Shapeshifting
  9233 | D:11     | Noticed a two-headed ogre
  9238 | D:11     | HP: 4/109 [wind drake (shapeshifter)/the air (5)]
  9239 | D:11     | Collided with a tree

Illustrated notes

Levels and vault maps discovered:
D:1:      roderic_crossed_star, layout_loops_cross, serial_bayou,
          serial_bayou_shore_b, serial_bayou_ford_a, serial_bayou_pond_d,
          serial_bayou_lake_a, minmay_tromino_i4
D:2:      layout_basic, uniq_terence
D:3:      layout_basic, mainiacjoe_overflow_surrounded_room, old_standard_altar,
          nicolae_overflow_hallway_of_the_gods, kennysheep_generic_room_13,
          uniq_grinder
D:4:      nicolae_cairo_tiling_large, layout_loops_ring,
          nicolae_tso_carved_into_rock, serial_shops,
          nicolae_shop_tiny_statue_garden
D:5:      layout_layer_cave, gammafunk_ghost_icy, serial_shops, shop, shop,
          kennysheep_mini_moat, kennysheep_generic_room_10, uniq_prince_ribbit1
D:6:      layout_loops_cross, minmay_temple_entry_hall,
          nicolae_fountain_basement, uniq_duvessa
D:7:      layout_cave_pools, solitary_fountain
D:8:      layout_basic, elyvilon_altar_4, erik_lair_dragon, special_room
          [special_room_orc]
D:9:      layout_rooms, amcnicky_altar_gilded, gammafunk_temple_overflow_pools,
          ebering_ghost_inner_flame
D:10:     layout_roguey, fedhas_ov_isle_minmay,
          lemuel_mausoleum_altar_kikubaaqudgha, serial_shops,
          nicolae_shop_just_a_little_nook
D:11:     regret_index_malice_mire, layout_rooms, david_orc_4, serial_glass,
          glass_columns_b, glass_columns_a
Temple:   hellmonk_temple_of_storms
Lair:1:   layout_cave_pods

Skill      XL: |  1  2  3  4  5  6  7  8  9 10 11 12 |
---------------+-------------------------------------+-----
Shields        | 3 4 5 6 7 8 9 |  9.6
Unarmed Combat | 3 4 5 6 8 10 12 13 14 | 14.1
Fighting       | 3 4 5 6 7 8 |  8.8
Shapeshifting  | 3 5 |  5.2
Dodging        | |  2.4

Action                     |  1- 3 |  4- 6 |  7- 9 | 10-12 || total
---------------------------+-------+-------+-------+-------++-------
  Melee: Unarmed           |    58 |    85 |   258 |   373 ||   774
  Throw: Dart              |       |       |       |     1 ||     1
 Invoke: Ancestor Identity |       |       |     1 |       ||     1
         Ancestor Life: He |       |       |       |     1 ||     1
         Recall Ancestor   |       |       |       |     1 ||     1
  Evoke: Wand              |       |       |     1 |     5 ||     6
    Use: Scroll            |     6 |     3 |     1 |     6 ||    16
   Stab: Distracted        |       |       |       |     4 ||     4
         Confused          |       |       |       |     8 ||     8
 Armour: Robe              |    44 |    51 |   177 |   203 ||   475
  Dodge: Dodged            |    31 |    28 |    79 |    86 ||   224
  Block: Kite shield       |    37 |    23 |   234 |   315 ||   609
         Reflection        |       |       |    10 |     8 ||    18

Table legend: (Time is in decaauts)
 A = Elapsed time spent in this place.
 B = Non-inter-level travel time spent in this place.
 C = Inter-level travel time spent in this place.
 D = Time resting spent in this place.
 E = Time spent auto-exploring this place.
 F = Levels seen in this place.
 G = Mean time per level.
                   A        B        C        D        E       F      G
               +--------+--------+--------+--------+--------+-----+--------+
         Total |   9185 |   8577 |    608 |    219 |   6150 |  13 |  706.5 |
       Dungeon |   8087 |   7555 |    532 |    219 |   5346 |  11 |  735.2 |
        Temple |     22 |     12 |     10 |      0 |      0 |   1 |   22.0 |
          Lair |   1075 |   1009 |     66 |      0 |    804 |   1 | 1075.0 |
               +--------+--------+--------+--------+--------+-----+--------+

Top non-repeatable levels by time:
     D:8: 1267 daAuts
  Lair:1: 1075 daAuts
     D:3: 920 daAuts
     D:6: 857 daAuts
    D:10: 822 daAuts
     D:4: 815 daAuts
     D:5: 813 daAuts
     D:9: 730 daAuts
     D:1: 726 daAuts
     D:2: 527 daAuts
     D:7: 493 daAuts
    D:11: 113 daAuts
  Temple: 22 daAuts
